AoeStats
← 台北順起來

Arena

510716343Analyzed
3v3 RM · 1d ago on Oct 2, 2026· 18m 18s· 6 players
Game mode
Random Map
Map size
Normal (6 player)
Population
200
Speed
Normal
Resources
Standard
Victory
Conquest
Starting age
Dark Age
Ending age
Imperial Age
RankedLock teamsTeams togetherTeam positionsShared explorationLock speedFull tech treeHidden civsTurbo modeCheats
Victory
Defeat
🇹🇼 Teutons · Taiwan
1047
+16
🇹🇼 Danes · Taiwan
1035
+16
🇹🇼 Persians · Taiwan
1001
+18
1152
-21
🇩🇪 Maya · Germany
1012
-15
🇹🇷 Saracens · Türkiye
969
-14
窒息式毒奶大王
7:09 Loom
9:41 Feudal Age
11:14 Town Watch
14:09 Fletching
台北順起來
7:22 Loom
9:46 Feudal Age
10:50 Double-Bit Axe
10:48 Horse Collar
11:20 Man-at-Arms
12:13 Arson
sky2551230
8:03 Loom
10:34 Feudal Age
14:58 Castle Age
14:14 Scale Barding Armor
13:59 Double-Bit Axe
14:00 Horse Collar
14:23 Gold Mining
Lotus
0:28 Loom
11:04 Feudal Age
15:47 Castle Age
16:43 Fletching
古巴比伦掌管迷糊的神
11:17 Feudal Age
15:07 Castle Age
13:21 Double-Bit Axe
13:47 Horse Collar
Mystic Boy
11:54 Feudal Age
10:32 Loom
12:18 Feudal Age
15:06 Fletching
16:18 Horse Collar
16:50 Gold Mining
19:40 Castle Age
Connection lost

Rejoining the realm…

Still unreachable

The connection could not be restored.

Session expired

The server has moved on; the page needs a fresh start.